EL
SPRINGFIELD CARDINALS @ PENSACOLA BLUE WAHOOS
08/09/2046
 
TOP OF THE 1ST
Springfield Cardinals batting - Pitching for Pensacola Blue Wahoos : LHP Ed Chavez
Pitching: LHP Ed Chavez
Batting: RHB Jason Gee 0-0: Called Strike
0-1: Ball
1-1: Foul Ball, location: 2F
1-2: Foul Ball, location: 2F
1-2: Foul Ball, location: 2F
1-2: SINGLE (Line Drive, 78M, EV 94.4 MPH)
Batting: RHB Dave Cluster 0-0: Ball
1-0: Grounds into double play, 6-4-3 (Groundball, 6D, EV 103.8 MPH)
Batting: RHB Mark Cahill 0-0: Called Strike
0-1: SINGLE (Groundball, 6MS, EV 73.1 MPH) (infield hit)
Batting: LHB Ronnie Ashley 0-0: Called Strike
0-1: Called Strike
0-2: Foul Ball, location: 2F
0-2: Foul Ball, location: 2F
0-2: Strikes out swinging
Top of the 1st over - 0 runs, 2 hits, 0 errors, 1 left on base; Springfield 0 - Pensacola 0
BOTTOM OF THE 1ST
Pensacola Blue Wahoos batting - Pitching for Springfield Cardinals : RHP Gareth Haigh
Pitching: RHP Gareth Haigh
Batting: SHB Bryan Johnston 0-0: SINGLE (Groundball, 6MD, EV 102.5 MPH)
Batting: SHB Kristian Kristensen 0-0: Called Strike
0-1: Ball
1-1: Fielders Choice at 2nd, 5-4 (Groundball, 5, EV 90.0 MPH)
Batting: RHB Juan Reyes 0-0: Ball
1-0: Called Strike
1-1: Foul Ball, location: 2F
1-2: Fly out, F8 (Flyball, 89XD, EV 92.5 MPH)
Batting: LHB Leo Gomez 0-0: Ball
1-0: Called Strike
1-1: SINGLE (Groundball, 4D, EV 96.2 MPH)
Kristian Kristensen to second
Batting: RHB Jon Marquez 0-0: Foul Ball, location: 2F
0-1: Fielders Choice at 2nd, 6-4 (Groundball, 6, EV 90.6 MPH)
Bottom of the 1st over - 0 runs, 2 hits, 0 errors, 2 left on base; Springfield 0 - Pensacola 0
TOP OF THE 2ND
Springfield Cardinals batting - Pitching for Pensacola Blue Wahoos : LHP Ed Chavez
Batting: LHB David Moore 0-0: Ball
1-0: Foul Ball, location: 2F
1-1: Ground out 1-5-3 (Groundball, 15S, EV 108.8 MPH)
Batting: RHB Victor Moya 0-0: Called Strike
0-1: Foul Ball, location: 2F
0-2: Foul Ball, location: 2F
0-2: Ball
1-2: SINGLE (Flyball, 89S, EV 87.5 MPH)
Batting: RHB Immel Kamuzu 0-0: Ball
1-0: Called Strike
1-1: Called Strike
Victor Moya is caught stealing 2nd base 2-4
1-2: Ball
2-2: Fly out, F9 (Flyball, 9D, EV 101.2 MPH)
Top of the 2nd over - 0 runs, 1 hit, 0 errors, 0 left on base; Springfield 0 - Pensacola 0
BOTTOM OF THE 2ND
Pensacola Blue Wahoos batting - Pitching for Springfield Cardinals : RHP Gareth Haigh
Batting: RHB Tim Wormell 0-0: Ball
1-0: Ball
2-0: Ball
3-0: Called Strike
3-1: Foul Ball, location: 2F
3-2: DOUBLE (Flyball, 8RXD, EV 108.1 MPH)
Batting: LHB Nick Nino 0-0: Ground out 6-3 (Groundball, 6, EV 90.0 MPH)
Tim Wormell to third
Batting: LHB Brian Snyder 0-0: Foul Ball, location: 2F
0-1: Ball
1-1: Ball
2-1: Ball
Wild Pitch!
Tim Wormell scores
3-1: Swinging Strike
3-2: Fly out, F9 (Flyball, 9S, EV 90.6 MPH)
Batting: LHB Akira Yamano 0-0: Ball
1-0: Ball
2-0: Swinging Strike
2-1: Called Strike
2-2: Strikes out swinging
Bottom of the 2nd over - 1 run, 1 hit, 0 errors, 0 left on base; Springfield 0 - Pensacola 1
TOP OF THE 3RD
Springfield Cardinals batting - Pitching for Pensacola Blue Wahoos : LHP Ed Chavez
Batting: LHB Adam Eisen 0-0: Ball
1-0: Fly out, F8 (Flyball, 8LD, EV 99.4 MPH)
Batting: LHB Yeong-hun Joe 0-0: Ball
1-0: Swinging Strike
1-1: Swinging Strike
1-2: Ground out U3 (Groundball, 3S, EV 93.1 MPH)
Batting: RHB Jason Gee 0-0: Ball
1-0: Swinging Strike
1-1: Foul Ball, location: 2F
1-2: Strikes out looking
Top of the 3rd over - 0 runs, 0 hits, 0 errors, 0 left on base; Springfield 0 - Pensacola 1
BOTTOM OF THE 3RD
Pensacola Blue Wahoos batting - Pitching for Springfield Cardinals : RHP Gareth Haigh
Batting: SHB Bryan Johnston 0-0: Foul Ball, location: 2F
0-1: Ball
1-1: Foul Ball, location: 2F
1-2: Ball
2-2: Ball
3-2: Fly out, F9 (Flyball, 9D, EV 86.9 MPH)
Batting: SHB Kristian Kristensen 0-0: SINGLE (Line Drive, 6MD, EV 98.1 MPH)
Batting: RHB Juan Reyes 0-0: Ball
1-0: Ball
2-0: Fly out, F8 (Flyball, 78M, EV 96.2 MPH)
Batting: LHB Leo Gomez 0-0: Fly out, F5 (Line Drive, 5L, EV 70.6 MPH)
Bottom of the 3rd over - 0 runs, 1 hit, 0 errors, 1 left on base; Springfield 0 - Pensacola 1
TOP OF THE 4TH
Springfield Cardinals batting - Pitching for Pensacola Blue Wahoos : LHP Ed Chavez
Batting: RHB Dave Cluster 0-0: DOUBLE (Line Drive, 5D, EV 98.8 MPH)
Batting: RHB Mark Cahill 0-0: Ball
1-0: Fly out, F8 (Line Drive, 89M, EV 85.0 MPH)
Batting: LHB Ronnie Ashley 0-0: Swinging Strike
0-1: Ball
1-1: Ball
2-1: Ball
3-1: Base on Balls
Batting: LHB David Moore 0-0: Foul Ball, location: 2F
0-1: Foul Ball, location: 2F
0-2: Strikes out swinging
Batting: RHB Victor Moya 0-0: Called Strike
0-1: Ball
1-1: Called Strike
1-2: Fielders Choice at 2nd, 5-4 (Groundball, 56, EV 105.0 MPH)
Top of the 4th over - 0 runs, 1 hit, 0 errors, 2 left on base; Springfield 0 - Pensacola 1
BOTTOM OF THE 4TH
Pensacola Blue Wahoos batting - Pitching for Springfield Cardinals : RHP Gareth Haigh
Batting: RHB Jon Marquez 0-0: Ball
1-0: Ground out 4-3 (Groundball, 4, EV 85.6 MPH)
Batting: RHB Tim Wormell 0-0: DOUBLE (Groundball, 5L, EV 103.8 MPH)
Batting: LHB Nick Nino 0-0: Ball
1-0: Ball
2-0: SINGLE (Groundball, 4MD, EV 102.5 MPH)
Tim Wormell to third
Runner from 3rd tries for Home, SAFE, throw by CF to home
Batting: LHB Brian Snyder 0-0: Called Strike
Nick Nino steals 2nd base
0-1: Hit by Pitch
Batting: LHB Akira Yamano 0-0: Fly out, F8 (Line Drive, 8RM, EV 88.8 MPH)
Batting: SHB Bryan Johnston 0-0: Ball
1-0: Called Strike
1-1: Foul Ball, location: 2F
1-2: SINGLE (Flyball, 7S, EV 90.6 MPH)
Nick Nino to third
Brian Snyder to second
Runner from 3rd tries for Home, SAFE, throw by LF to home
Batting: SHB Kristian Kristensen 0-0: Ball
1-0: Called Strike
1-1: Ball
2-1: Foul Ball, location: 2F
2-2: SINGLE (Groundball, 4D, EV 103.8 MPH)
Brian Snyder to third
Bryan Johnston to second
Runner from 3rd tries for Home, SAFE, throw by RF to home
Batting: RHB Juan Reyes 0-0: Foul Ball, location: 2F
0-1: Swinging Strike
0-2: Fielders Choice at 2nd, 6-4 (Groundball, 6, EV 92.5 MPH)
Bottom of the 4th over - 3 runs, 4 hits, 0 errors, 2 left on base; Springfield 0 - Pensacola 4
TOP OF THE 5TH
Springfield Cardinals batting - Pitching for Pensacola Blue Wahoos : LHP Ed Chavez
Batting: RHB Immel Kamuzu 0-0: Ball
1-0: Ball
2-0: Called Strike
2-1: Ball
3-1: Base on Balls
Batting: LHB Adam Eisen 0-0: Swinging Strike
0-1: Swinging Strike
0-2: Strikes out looking
Batting: LHB Yeong-hun Joe 0-0: Ball
1-0: Ball
2-0: Foul Ball, location: 2F
2-1: Grounds into double play, 4-6-3 (Groundball, 4, EV 88.8 MPH)
Top of the 5th over - 0 runs, 0 hits, 0 errors, 0 left on base; Springfield 0 - Pensacola 4
BOTTOM OF THE 5TH
Pensacola Blue Wahoos batting - Pitching for Springfield Cardinals : RHP Gareth Haigh
Batting: LHB Leo Gomez 0-0: Ball
1-0: SINGLE (Flyball, 5D, EV 96.9 MPH)
Batting: RHB Jon Marquez 0-0: Foul Ball, location: 2F
0-1: DOUBLE (Line Drive, 8LXD, EV 108.8 MPH)
Leo Gomez to third
Batting: RHB Tim Wormell 0-0: Foul Ball, location: 2F
0-1: Ball
1-1: Foul Ball, location: 2F
1-2: Strikes out swinging
Batting: LHB Nick Nino 0-0: Fly out, F5 (Line Drive, 5L, EV 71.9 MPH)
Batting: LHB Brian Snyder 0-0: Foul Ball, location: 2F
0-1: Ball
1-1: Called Strike
1-2: SINGLE (Groundball, 4MD, EV 108.1 MPH)
Leo Gomez scores
Jon Marquez to third
Runner from 3rd tries for Home, SAFE, throw by CF to home
Pitching: RHP Cory Viola
Batting: LHB Akira Yamano 0-0: Called Strike
0-1: Called Strike
0-2: Strikes out swinging
Bottom of the 5th over - 2 runs, 3 hits, 0 errors, 1 left on base; Springfield 0 - Pensacola 6
TOP OF THE 6TH
Springfield Cardinals batting - Pitching for Pensacola Blue Wahoos : LHP Ed Chavez
Batting: RHB Jason Gee 0-0: Swinging Strike
0-1: Ball
1-1: Foul Ball, location: 2F
1-2: Ball
2-2: Strikes out swinging
Batting: RHB Dave Cluster 0-0: Ball
1-0: Foul Ball, location: 2F
1-1: Ball
2-1: Called Strike
2-2: Strikes out looking
Batting: RHB Mark Cahill 0-0: Fly out, F8 (Flyball, 8LXD, EV 90.6 MPH)
Top of the 6th over - 0 runs, 0 hits, 0 errors, 0 left on base; Springfield 0 - Pensacola 6
BOTTOM OF THE 6TH
Pensacola Blue Wahoos batting - Pitching for Springfield Cardinals : RHP Cory Viola
Batting: SHB Bryan Johnston 0-0: Called Strike
0-1: Ball
1-1: Ball
2-1: Swinging Strike
2-2: Foul Ball, location: 2F
2-2: Ball
3-2: Strikes out swinging
Batting: SHB Kristian Kristensen 0-0: Called Strike
0-1: Called Strike
0-2: Foul Ball, location: 2F
0-2: Strikes out looking
Batting: RHB Juan Reyes 0-0: Swinging Strike
0-1: Ball
1-1: Ball
2-1: Foul Ball, location: 2F
2-2: Ball
3-2: Strikes out swinging
Bottom of the 6th over - 0 runs, 0 hits, 0 errors, 0 left on base; Springfield 0 - Pensacola 6
TOP OF THE 7TH
Springfield Cardinals batting - Pitching for Pensacola Blue Wahoos : LHP Ed Chavez
Batting: LHB Ronnie Ashley 0-0: Foul Ball, location: 2F
0-1: Called Strike
0-2: Ball
1-2: Ball
2-2: Foul Ball, location: 2F
2-2: Foul Ball, location: 2F
2-2: Strikes out swinging
Batting: LHB David Moore 0-0: Fly out, F8 (Line Drive, 8RM, EV 95.0 MPH)
Batting: RHB Victor Moya 0-0: Ball
1-0: Ball
2-0: Foul Ball, location: 2F
2-1: SINGLE (Groundball, 56D, EV 104.4 MPH)
Batting: RHB Immel Kamuzu 0-0: Called Strike
0-1: Ball
1-1: Swinging Strike
1-2: Foul Ball, location: 2F
1-2: Ball
Victor Moya is caught stealing 2nd base 2-4
Top of the 7th over - 0 runs, 1 hit, 0 errors, 0 left on base; Springfield 0 - Pensacola 6
BOTTOM OF THE 7TH
Pensacola Blue Wahoos batting - Pitching for Springfield Cardinals : RHP Cory Viola
Batting: LHB Leo Gomez 0-0: Called Strike
0-1: Foul Ball, location: 2F
0-2: SINGLE (Groundball, 56S, EV 73.1 MPH) (infield hit)
Batting: RHB Jon Marquez 0-0: Ball
1-0: Ball
2-0: Ball
3-0: Called Strike
3-1: SINGLE (Line Drive, 9S, EV 106.9 MPH)
Leo Gomez to second
Batting: RHB Tim Wormell 0-0: Fly out, F9 (Flyball, 9D, EV 95.6 MPH)
Runner from 2nd tags up, SAFE at 3rd, no throw by RF
Batting: LHB Nick Nino Pickoff Throw to First - Out! 1-3
0-0: Ground out 6-3 (Groundball, 6, EV 76.9 MPH)
Bottom of the 7th over - 0 runs, 2 hits, 0 errors, 1 left on base; Springfield 0 - Pensacola 6
TOP OF THE 8TH
Springfield Cardinals batting - Pitching for Pensacola Blue Wahoos : LHP Ed Chavez
Batting: RHB Immel Kamuzu 0-0: Ball
1-0: Foul Ball, location: 2F
1-1: Swinging Strike
1-2: Ball
2-2: Strikes out swinging
Batting: LHB Adam Eisen 0-0: Foul Ball, location: 2F
0-1: Swinging Strike
0-2: Foul Ball, location: 2F
0-2: Ball
1-2: Strikes out looking
Batting: LHB Yeong-hun Joe 0-0: Called Strike
0-1: Ball
1-1: Ground out 4-3 (Groundball, 4, EV 91.2 MPH)
Top of the 8th over - 0 runs, 0 hits, 0 errors, 0 left on base; Springfield 0 - Pensacola 6
BOTTOM OF THE 8TH
Pensacola Blue Wahoos batting - Pitching for Springfield Cardinals : RHP Cory Viola
Batting: LHB Brian Snyder 0-0: Called Strike
0-1: Called Strike
0-2: Strikes out swinging
Batting: LHB Akira Yamano 0-0: Called Strike
0-1: Called Strike
0-2: Ball
1-2: Ball
2-2: Ball
3-2: Base on Balls
Batting: SHB Bryan Johnston 0-0: Ball
1-0: Ball
2-0: Swinging Strike
2-1: Grounds into double play, 4-6-3 (Groundball, 34, EV 80.0 MPH)
Bottom of the 8th over - 0 runs, 0 hits, 0 errors, 0 left on base; Springfield 0 - Pensacola 6
TOP OF THE 9TH
Springfield Cardinals batting - Pitching for Pensacola Blue Wahoos : LHP Ed Chavez
Pitching: RHP Kevin Nabity
Batting: RHB Jason Gee 0-0: Called Strike
0-1: Ball
1-1: Foul Ball, location: 2F
1-2: SINGLE (Line Drive, 78S, EV 90.6 MPH)
Batting: RHB Dave Cluster 0-0: Foul Ball, location: 2F
0-1: Ball
1-1: Swinging Strike
1-2: Foul Ball, location: 2F
1-2: Foul Ball, location: 2F
1-2: Ball
2-2: Strikes out looking
Batting: RHB Mark Cahill 0-0: Ball
1-0: Ball
2-0: Fielders Choice at 2nd, 5-4 (Groundball, 5S, EV 85.0 MPH)
Batting: LHB Ronnie Ashley 0-0: Swinging Strike
0-1: Ball
1-1: Called Strike
1-2: Foul Ball, location: 2F
1-2: Ball
2-2: Ball
3-2: Foul Ball, location: 2F
3-2: Base on Balls
Mark Cahill to second
Batting: LHB David Moore 0-0: Called Strike
0-1: 3-RUN HOME RUN (Flyball, 9D, EV 101.2 MPH), Distance : 374 ft
Pitching: RHP Aaron McArdle
Now in LF: Dusty Pollert
Now in CF: Jon Marquez
Now in RF: Leo Gomez
Batting: RHB Victor Moya 0-0: Swinging Strike
0-1: Ball
1-1: Called Strike
1-2: Ball
2-2: Strikes out swinging
Top of the 9th over - 3 runs, 2 hits, 0 errors, 0 left on base; Springfield 3 - Pensacola 6
Tuesday, September 13th , 2022 - OOTP Baseball 23.7 Build 88